 Dungeon Crawl Stone Soup version 0.18.1-2-ga659475 (webtiles) character file.

152 lightmor the Chopper (level 5, -11/45 HPs)
             Began as a Minotaur Berserker on May 8, 2016.
             Was a Priest of Trog.
             Mangled by Sigmund
             ... wielding a +0 scythe
              (12 damage)
             ... on level 2 of the Dungeon.
             The game lasted 00:02:59 (1259 turns).

lightmor the Chopper (Minotaur Berserker)           Turns: 1259, Time: 00:03:00

Health: -11/45     AC:  2    Str: 23    XL:     5   Next: 11%
Magic:  4/4        EV: 12    Int:  4    God:    Trog [***...]
Gold:   99         SH:  0    Dex:  9    Spells: 0 memorised, 4 levels left

rFire  + . .     SeeInvis .     a - +0 hand axe
rCold  x . .     Gourm    .     b - +0 animal skin
rNeg   . . .     Faith    .     (no shield)
rPois  .         Spirit   .     (helmet restricted)
rElec  .         Dismiss  .     (no cloak)
rCorr  .         Reflect  .     (no gloves)
SustAt .         Harm     .     (no boots)
MR     .....                    (no amulet)
Stlth  +.........               (no ring)
                                g - ring of fire

@: not resistant to hostile enchantments, very unstealthy
A: retaliatory headbutt, horns 2
a: Berserk, Trog's Hand, Burn Spellbooks, Renounce Religion


You were on level 2 of the Dungeon.
You worshipped Trog.
Trog was most pleased with you.
You were not hungry.

You visited 1 branch of the dungeon, and saw 2 of its levels.

You collected 99 gold pieces.

Inventory:

Hand Weapons
 a - a +0 hand axe (weapon)
Missiles
 i - 12 poisoned needles
Armour
 b - a +0 animal skin (worn)
Jewellery
 g - a ring of fire (left hand)
Wands
 l - a wand of flame (23/48)
Scrolls
 h - 2 scrolls of noise {unknown}
 k - a scroll of fog {unknown}
 m - a scroll of identify {unknown}
Potions
 d - 2 potions of flight {unknown}
 e - a potion of resistance {unknown}
 f - a potion of degeneration {unknown}
 j - a potion of heal wounds {unknown}
Comestibles
 c - 2 bread rations
 n - 4 chunks of flesh
 o - a beef jerky


   Skills:
 - Level 3.6 Fighting
 + Level 7.1 Axes
 - Level 2.4 Armour
 - Level 2.1 Dodging


You had 4 spell levels left.
You didn't know any spells.

Dungeon Overview and Level Annotations

Branches:
Dungeon (2/15)

Altars:
Ashenzari

Annotations:
D:2 Sigmund


Innate Abilities, Weirdness & Mutations

You reflexively headbutt those who attack you in melee.
You have a pair of horns on your head.


Message History

No target in view!
No target in view!
No target in view!
Something hits you.
Found a stone staircase leading up.
You see here a ball python corpse.
You butcher the ball python corpse.
Something hits you!
You see here a chunk of flesh.
n - 4 chunks of flesh (gained 1)
Something barely misses you. Something hits you but does no damage.
You barely miss something. Something hits you.
You hit something. You miss something. You headbutt something.
Something completely misses you.
You closely miss something. You headbutt something! Something hits you!
You barely miss something. You miss something. Something hits you!
* * * LOW HITPOINT WARNING * * *
You hit something but do no damage. You headbutt something. Something hits you!
You die...

#.# ## ####.. ..# ...<#
#.# #### # #..># #.#
#... #.#.#.###.# #.##
#.......#.# # #.#
###....{#.#.##...####.##
.......@.....+..........
######..###.##...####)#.
#..............).).
######.#########.#. #..#
#.# #.#. ##.###.## #.#.
#..##...# #.## #..##...#
#... #####.###...# ###.


There were no monsters in sight!

Vanquished Creatures
  Robin (D:2)
  2 adders (D:2)
  5 gnolls
  3 worms (D:2)
  3 dart slugs (D:1)
  A giant gecko (D:1)
  4 giant cockroaches
  17 goblins
  9 hobgoblins
  2 ball pythons (D:2)
  8 bats
  5 kobolds
  5 rats
65 creatures vanquished.

Notes
Turn   | Place    | Note
--------------------------------------------------------------
     0 | D:1      | lightmor the Minotaur Berserker began the quest for the Orb.
     0 | D:1      | Reached XP level 1. HP: 19/19 MP: 0/0
    51 | D:1      | Reached skill level 4 in Axes
   156 | D:1      | Reached XP level 2. HP: 26/26 MP: 1/1
   229 | D:1      | Reached skill level 5 in Axes
   247 | D:1      | Reached XP level 3. HP: 8/31 MP: 2/2
   250 | D:1      | Reached ** piety under Trog
   691 | D:2      | Noticed Robin
   703 | D:2      | Reached XP level 4. HP: 38/39 MP: 3/3
   705 | D:2      | Killed Robin
   705 | D:2      | Reached skill level 6 in Axes
   778 | D:2      | Reached *** piety under Trog
  1164 | D:2      | Reached XP level 5. HP: 43/45 MP: 4/4
  1172 | D:2      | Found a shattered altar of Ashenzari.
  1180 | D:2      | Reached skill level 7 in Axes
  1242 | D:2      | Noticed Sigmund
  1258 | D:2      | HP: 1/45 [something (14)]
  1259 | D:2      | Mangled by Sigmund

Skill      XL: |  1  2  3  4  5 |
---------------+----------------+-----
Axes           | 4 5 6 7 |  7.1
Fighting       | |  3.6
Armour         | |  2.4
Dodging        | |  2.1

Action                   |  1- 3 |  4- 6 || total
-------------------------+-------+-------++-------
Melee: Hand axe          |    67 |    54 ||   121
       Headbutt          |    10 |    11 ||    21
Invok: Berserk           |     1 |     1 ||     2
 Stab: Distracted        |     1 |       ||     1
  Eat: Chunk             |       |     3 ||     3
Armor: Animal skin       |    10 |     9 ||    19
Dodge: Dodged            |    37 |    36 ||    73
